Cogmind - Beta 9.6 @@@ ROGUE MODE // 2020.07.18 @ 14:30:26 Player: Wer1in Result: Destroyed by S-10 Pest with Light Assault Rifle Performance ------------- Evolutions (1) 500 Regions Visited (2) 400 Robots Destroyed (25) 125 Value Destroyed (578) 578 Prototype IDs (1) 20 Alien Tech Used (0) 0 Bonus (0) 0 TOTAL SCORE: 1623 Bonus ------- None Cogmind --------- Core Integrity 0/400 Matter 245/300 Energy 250/250 System Corruption 0% Temperature Cool (0) Movement Walking (120) Location -9/Materials Parts ------- > --- POWER (1) -------- Ion Engine > --- PROPULSION (2) --- Aluminum Leg Aluminum Leg > --- UTILITY (4) ------ Small Storage Unit Visual Processing Unit Signal Interpreter > --- WEAPON (2) ------- Improved EM Shotgun > --- INVENTORY (6) ---- Aluminum Leg Peak State ------------ > --- POWER ------------ (None) > --- PROPULSION ------- Aluminum Leg Aluminum Leg > --- UTILITY ---------- Small Storage Unit Visual Processing Unit Signal Interpreter Improved Light Armor Plating > --- WEAPON ----------- Small Laser Light EM Pulse Cannon > --- INVENTORY -------- (None) [Rating: 12] Favorites ----------- Power Light Ion Engine Engine Light Ion Engine Propulsion Aluminum Leg Leg Aluminum Leg Utility Small Storage Unit Device Heat Sink Storage Small Storage Unit Processor Signal Interpreter Protection Improved Light Armor Plating Weapon EM Pulse Gun Energy Gun EM Pulse Gun Energy Cannon Light EM Pulse Cannon Launcher Grenade Launcher Special Weapon Mining Laser Build | -11 -10 -9 ------- Run | Scr Mat Mat Slots Evolved 2 | . . 2 Power . | . . . Propulsion . | . . . Utility 2 | . . 2 Weapon . | . . . Parts Attached 34 | 6 8 20 Power 4 | 1 . 3 Engine 4 | 1 . 3 Core . | . . . Reactor . | . . . Propulsion 12 | 2 4 6 Treads . | . . . Leg 12 | 2 4 6 Wheel . | . . . Hover . | . . . Flight . | . . . Utility 5 | 1 1 3 Device 1 | . 1 . Storage 1 | 1 . . Processor 2 | . . 2 Hackware . | . . . Protection 1 | . . 1 Artifact . | . . . Weapon 13 | 2 3 8 Energy Gun 8 | 2 2 4 Energy Cannon 1 | . . 1 Ballistic Gun . | . . . Ballistic Cannon . | . . . Launcher 3 | . 1 2 Special Weapon 1 | . . 1 Impact Weapon . | . . . Slashing Weapon . | . . . Piercing Weapon . | . . . Special Melee Weapon . | . . . Unidentified Prototypes 1 | . . 1 Parts Lost 17 | . 2 15 Power 2 | . . 2 Propulsion 4 | . . 4 Utility 2 | . . 2 Weapon 9 | . 2 7 Highest Loss Streak 9 | . 1 9 Average Slot Usage (%) 80 | . 83 77 Engine 10 | . 14 6 Leg 24 | . 28 20 Device 2 | . . 5 Storage 12 | . 14 11 Processor 9 | . . 18 Protection 1 | . . 2 Energy Gun 14 | . 17 10 Launcher 4 | . 8 . Naked Turns . | . . . Heaviest Build 15 | 11 12 15 Greatest Support 20 | 20 20 20 Greatest Overweight (x) 3 | 3 . 3 Average Overweight (x) . | . . . Largest Inventory Capacity 6 | 6 6 6 Average Capacity 5 | 5 6 6 Most Carried 4 | 2 3 4 Average Carried 2 | 1 2 1 Final Capacity 6 | 6 6 6 Final Carried 3 | 2 3 1 Class Distribution -------------------- 67% | Mutant 32% | Scavenger-Mutant Dominant Class ---------------- Mutant | -10/Materials Scavenger-Mutant | -9/Materials Resources | -11 -10 -9 ----------- Run | Scr Mat Mat Matter Collected 558 | 205 190 163 Remotely . | . . . Salvage Created 618 | . 233 385 Parts 61 | . 27 34 Haulers Intercepted . | . . . Recyclers Shooed . | . . . Parts Field Recycled . | . . . Retrieved Matter . | . . . Parts Self-Destructed . | . . . Prevented . | . . . Kills | -11 -10 -9 ------- Run | Scr Mat Mat Combat Hostiles Destroyed 19 | . 9 10 Guns 9 | . 6 3 Cannons 1 | . . 1 AOE 9 | . 3 6 Classes Destroyed 9 | . 5 4 Worker 1 | . 1 . Builder 1 | . 1 . Recycler 1 | . . 1 Operator 1 | . 1 . Watcher 2 | . . 2 Swarmer 8 | . 6 2 Grunt 8 | . 3 5 Brawler 1 | . . 1 Sentry 2 | . . 2 Best Kill Streak 5 | . 4 5 Combat Bots Only 5 | . 3 5 Max Kills in Single Turn 2 | . 2 2 Gunslinging . | . . . Exploded 2 | . 1 2 Melee . | . . . Uniques/NPCs Destroyed . | . . . Combat | -11 -10 -9 -------- Run | Scr Mat Mat Damage Taken 1851 | . 406 1445 Core 447 | . 44 403 Absorbed by Shields . | . . . Core Remaining (%) 91 | 100 82 . Volleys Fired 67 | . 38 29 Largest 2 | . 2 2 Hottest 100 | . 80 100 Shots Fired 84 | . 44 40 Gun 61 | . 34 27 Cannon 4 | . . 4 Launcher 17 | . 10 7 Special 2 | . . 2 Kinetic . | . . . Thermal 10 | . . 10 Explosive 17 | . 10 7 Electromagnetic 57 | . 34 23 Robot Hit Streak 10 | . 7 10 Robot Miss Streak 6 | . 6 3 Penetration Max . | . . . Secondary Targets . | . . . Shots Hit Robots 45 | . 21 24 Core Hits 41 | . 15 26 Critical Hits . | . . . Critical Kills . | . . . Critical Parts Destroyed . | . . . Melee Attacks . | . . . Impact . | . . . Slashing . | . . . Piercing . | . . . Sneak Attacks . | . . . Combat Hostiles . | . . . Follow-up Attacks . | . . . Damage Inflicted 1607 | . 598 1009 Guns 504 | . 259 245 Cannons 93 | . . 93 Explosions 950 | . 339 611 Melee . | . . . Ramming 12 | . . 12 Kinetic . | . . . Thermal 229 | . . 229 Explosive 803 | . 339 464 Electromagnetic 563 | . 259 304 Impact . | . . . Slashing . | . . . Piercing . | . . . Highest Corruption . | . . . Average Corruption . | . . . Corruption Purged . | . . . Overload Shots . | . . . Overflow Damage . | . . . Projectiles . | . . . Explosions . | . . . Melee . | . . . Knockbacks . | . . . Impact . | . . . Kinetic . | . . . Secondary . | . . . Self-Inflicted Damage 160 | . 85 75 Shots 7 | . 3 4 Rammed 2 | . . 2 Targets Rammed 3 | . . 3 Kicked 1 | . . 1 Crushed . | . . . Highest Temperature 118 | . 118 30 Average Temperature 35 | . 52 10 Received Heat Transfer 669 | . 60 609 Siege Activations . | . . . Robots Corrupted . | . . . Combat Hostiles . | . . . Parts Fried 3 | . 1 2 Impact Corruptions . | . . . Robots Melted . | . . . Combat Hostiles . | . . . Parts Melted . | . . . Heat Transferred 450 | . . 450 Parts Sabotaged . | . . . Parts Stolen . | . . . Parts Stripped . | . . . Power Chain Reactions 2 | . . 2 Missiles Intercepted . | . . . Alert | -11 -10 -9 ------- Run | Scr Mat Mat Peak Influence 253 | . 234 253 Average Influence 101 | . 79 143 Maximum Alert Level 1 | . 1 1 Low Security (%) 86 | 100 88 81 Level 1 13 | . 11 18 Level 2 . | . . . Level 3 . | . . . Level 4 . | . . . Level 5 . | . . . High Security . | . . . Max Security . | . . . Squads Dispatched 5 | . 2 3 Investigation 1 | . 1 . Extermination . | . . . Reinforcement 4 | . 1 3 Assault . | . . . Garrison . | . . . Intercept . | . . . Construction Impeded 1 | . . 1 Haulers Reinforced . | . . . Stealth | -11 -10 -9 --------- Run | Scr Mat Mat Distress Signals 2 | . . 2 Communications Jammed . | . . . Distress Signals . | . . . Times Spotted 49 | . 15 34 Peak Tracking Total 12 | . 3 12 Tactical Retreats 3 | . . 3 Traps | -11 -10 -9 ------- Run | Scr Mat Mat Traps Triggered . | . . . Indirectly . | . . . Trap Hack Attempts . | . . . Triggered . | . . . Disarmed . | . . . Reprogrammed . | . . . Reused . | . . . Traps Extracted . | . . . Installed . | . . . Triggered . | . . . Machines | -11 -10 -9 ---------- Run | Scr Mat Mat Machines Disabled 4 | . 1 3 Max in Single Turn 1 | . 1 1 Machines Sabotaged . | . . . Garrisons Compromised . | . . . Overloaded Fab Kills . | . . . Fab Network Shutdowns . | . . . Hacking | -11 -10 -9 --------- Run | Scr Mat Mat Machines Accessed 4 | . 4 . Terminals 3 | . 3 . Fabricators . | . . . Repair Stations . | . . . Recycling Units 1 | . 1 . Scanalyzers . | . . . Garrison Access . | . . . Total Hacks 15 | . 15 . Successful 9 | . 9 . Failed 6 | . 6 . Catastrophic 1 | . 1 . Database Lockouts . | . . . Manual 7 | . 7 . Terminals 14 | . 14 . Fabricators . | . . . Repair Stations . | . . . Recycling Units 1 | . 1 . Scanalyzers . | . . . Garrison Access . | . . . Terminal Hacks 5 | . 5 . Emergency Access Points 1 | . 1 . Terminal Index 1 | . 1 . Locate Traps 1 | . 1 . Registered Components 1 | . 1 . Registered Prototypes 1 | . 1 . Fabricator Hacks . | . . . Repair Station Hacks . | . . . Recycling Unit Hacks 1 | . 1 . Report Inventory 1 | . 1 . Scanalyzer . | . . . Garrison Access Hacks . | . . . Unauthorized Hacks 3 | . 3 . Terminals 3 | . 3 . Botnet 3 | . 3 . Fabricators . | . . . Repair Stations . | . . . Recycling Units . | . . . Scanalyzers . | . . . Garrison Access . | . . . Data Cores Recovered . | . . . Used . | . . . Hacking Detections 3 | . 3 . Full Trace Events 3 | . 3 . Feedback Events . | . . . Feedback Blocked . | . . . Robot Schematics Acquired . | . . . Robots Built . | . . . Matter . | . . . Time . | . . . Total Robot Build Rating . | . . . Part Schematics Acquired . | . . . Parts Built . | . . . Matter . | . . . Time . | . . . Total Part Build Rating . | . . . Parts Repaired . | . . . Time . | . . . Parts Recycled . | . . . Recycled Matter . | . . . Retrieved Matter . | . . . Retrieved Components . | . . . Parts Scanalyzed . | . . . Part Schematics Acquired . | . . . Parts Damaged . | . . . Bothacking | -11 -10 -9 ------------ Run | Scr Mat Mat Used RIF Installer . | . . . Robots Hacked . | . . . Non-combat . | . . . Combat . | . . . Robot Hacks Applied . | . . . Relay Couplers Released . | . . . Robots Rewired . | . . . Allies Hacked . | . . . Hacks Repelled . | . . . Allies | -11 -10 -9 -------- Run | Scr Mat Mat Total Allies . | . . . Largest Group . | . . . Highest-Rated Group . | . . . Highest-Rated Ally . | . . . Total Orders . | . . . Ally Attacks . | . . . Total Damage . | . . . Kills . | . . . Allies Corrupted . | . . . Allies Melted . | . . . Intel | -11 -10 -9 ------- Run | Scr Mat Mat Robot Analysis Total . | . . . Derelict Logs Recovered . | . . . Drone Launches . | . . . Drone Recoveries . | . . . Exploration | -11 -10 -9 ------------- Run | Scr Mat Mat Turns Passed 974 | 71 475 428 Spaces Moved 592 | 49 302 241 Core 17 | 13 . 4 Treads . | . . . Legs 575 | 36 302 237 Wheels . | . . . Hover . | . . . Flight . | . . . Fastest Speed 50 | 50 120 120 Average Speed 121 | 124 120 122 Slowest Speed 200 | 200 120 200 Overloaded Moves . | . . . Propulsion Burnouts . | . . . Robots Hopped . | . . . Cave-ins Triggered . | . . . Exploration Rate (%) 31 | 4 58 33 Regions Visited 2 Branch Regions . Pre-discovered Areas . | . . . Known Exits Taken . | . . . Unknown Exits Taken 2 | 1 1 . Scrap Searched . | . . . Spaces Dug 18 | . 18 . Terrain Destroyed 98 | . 59 39 Melee . | . . . Projectile . | . . . AOE 98 | . 59 39 Actions | -11 -10 -9 --------- Run | Scr Mat Mat Total 747 | 56 368 323 Wait 45 | . 19 26 Move 590 | 48 301 241 Hop . | . . . Pick Up 4 | 2 1 1 Fast Attach 20 | 6 1 13 Attach 7 | . 2 5 Detach 1 | . . 1 Swap 7 | . 5 2 Drop 3 | . 1 2 Fire 67 | . 38 29 Melee . | . . . Ram . | . . . Kick 3 | . . 3 Crush . | . . . Escape Stasis . | . . . Rewire . | . . . Trap . | . . . Miscellaneous . | . . . Route ------- -11/Scrapyard -10/Materials (discovered 2 exits: [*Mat x2]) -9/Materials (discovered 1 exit: [*Min]) History --------- Turn | Location | Event 24 | -11/Scrapyard | Discovered new exit (range 14) 72 | -11/Scrapyard | Entered Materials 236 | -10/Materials | Discovered new exit (range 3) 312 | -10/Materials | Build established: Mutant 476 | -10/Materials | Discovered new exit (range 13) 547 | -10/Materials | Entered another Materials area 547 | -9/Materials | Evolved 2 slots: Utility x2 750 | -9/Materials | Core integrity fell below 50% 778 | -9/Materials | Lost 9 parts (2p2n1u4w) 880 | -9/Materials | Core integrity fell below 20% 942 | -9/Materials | Lost 3 parts (1u2w) 945 | -9/Materials | Discovered new exit (range 17) 975 | -9/Materials | Destroyed by S-10 Pest with Light Assault Rifle Last Messages --------------- 00911_ Imp. Light Armor Plating destroyed. 00912_ Acquired 36 matter. 00913_ K-01 Serf collects debris. 00915_ S-10 Pest destroyed. 00917_ K-01 Serf collects debris. 00921_ Acquired 18 matter. 00926_ Acquired 11 matter. 00939_ Acquired Prototype Energy Gun. 00939_ Identified Imp. EM Shotgun. 00945_ EXIT=FOUND 00945_ Sml. Laser destroyed. 00945_ C-30 ARC bursts open, deploying its payload. 00945_ G-47 Trooper unfolds itself. 00945_ G-34 Mercenary unfolds itself. 00961_ Slammed into K-01 Serf. 00964_ R-06 Scavenger collects Heat Sink. 00969_ R-06 Scavenger collects Aluminum Leg. 00972_ S-10 Pest destroyed. 00972_ R-06 Scavenger collects Imp. Ion Engine. 00974_ Acquired 20 matter. Map ----- +----------------------------------------------------+ | ?????????????????????????????????????????????????? | | ?????????????????????????????????????????????????? | | ?????????????????????????????????????????????????? | | ?????????????????????????????????????????????????? | | ?????????????????????????????????????????????????? | | ?????????????????????????????????????????????????? | | ?????????????????????????????????????????????????? | | ?????????????????????????????????????????????????? | | ?????????????????????????#######?????????????????? | | ???????????????????????### ??????????????????? | | ???????????????????????? ??????????????????? | | ???????????????????????? T ??????????????????? | | ????????????????????????? ?????????????###### | | ?????????????????????????? ?????????????#!!!!! | | ??????????????????????????# ##########????#!! !! | | ??????????????????????????# # #????# | | ??????????????????????????# # ###### | | ??????????????????????????+ # / | | ??????????????????????????# # ########### | | ????????????????########### / #?????????? | | ????????????????# # # #??######## | | ????????????????# """ ## ## #?# | | ????????????????# "Y" ## ## #?# """ | | ????????????????# ## ## #?# "T" | | ???????????????########+#s## ###########???""" " " | | ???????????????# = # =@ #???????????? """ | | ???????????????# # #s####???????????? """ | | ???????????????# ==# # ?????????????# | | ???????????????# !! *" #""" ????????????# | | ???????????????# !! !% #""" ???????????########? | | ???????????????# ! " #""" #?????????????????? | | ???????????????####""## # #?????????????????? | | ??????????????????###?# # #?????????????????? | | ??????????????????????#=########?????????????????? | | ??????????????????????# #????????????????????????? | | ??????????????????????# #????????????????????????# | | ??????????????????????# #????????????????????????? | | ??????????????????????# #????????????????????????? | | ???????????????????####/###??????????????????????? | | ???????????????????# #??????????????????????? | | ???????????????????# #??????????????????????? | | ???????????????????# """ #??????????????????????? | | ???????????????????# """ #??????????????????????? | | ???????????????????# """ #??????????????????????? | | ???????????????????# #??????????????????????? | | ?????????# #######/#########?????????????????? | | ?????????# % ?????????? | | ????? < ?????????? | | ????????## T ?????????? | | ?????????# ##### ####### ??????????? | +----------------------------------------------------+ Best States ------------- Heat Dissipation 38 Energy Generation 10 Energy Capacity 250 Matter Stores 295 Matter Capacity 300 Sight Range 18 Terrain Scan Density 10 Armor Coverage 150 Evasion (%) 40 Item Schematics ----------------- None Robot Schematics ------------------ None Fabricated ------------ Nothing Alien Tech Used ----------------- None Achievements -------------- None Challenges ------------ None Game ------ Seed ShadeMasterMultirail Manual? 0 Play Time 00:18:44 Cumulative 37.4 hours Start 2020.07.18 @ 14:06:33 End 2020.07.18 @ 14:30:26 Sessions 1 Manual Loads 0 Difficulty Rogue Special Mode None Game No. 24 Rogue 24 Adventurer 0 Explorer 0 Win Type - Total 0 Types 0/0/0/0/0/0/0 Lore% 26 Gallery% 34 Achievement% 27 Wizard Run 0 Options --------- ASCII 0 Keyboard 0 Movement Mouse Keybinds 0 Fullscreen 1 Font 24/Terminus Map View 76x50 Tactical HUD 1 Map Filters NONE Filters NONE Steam 1 RUN: 96ac1e85-0d1f-4c79-97b1-8629f1a6c078